 Dungeon Crawl Stone Soup version 0.30-a0-949-g53dc5368d7 (webtiles) character file.

Game seed: 15340582380824666075

1971498 dunno567 the Slayer (level 27, 199/199 HPs)
             Began as a Gargoyle Earth Elementalist on Mar 22, 2023.
             Was a High Priest of Ashenzari.
             Escaped with the Orb
             ... and 4 runes on Mar 27, 2023!
             The game lasted 03:02:49 (94214 turns).

dunno567 the Slayer (Gargoyle Earth Elementalist)  Turns: 94214, Time: 03:02:50

Health: 199/199    AC: 36    Str: 13    XL:     27
Magic:  19/66      EV: 30    Int: 27    God:    Ashenzari [*****.]
Gold:   4423       SH:  5    Dex: 20    Spells: 13/69 levels left

rFire   . . .      SeeInvis +    g - +7 long sword of the Prophetic Sphere {freeze, rPois MP+9, Bglg, Elem} (curse)
rCold   . . .      Faith    .    (no shield)
rNeg    + + .      Spirit   .    I - +3 troll leather armour of the Bound Yoke {Regen+, Elem, Cun} (curse)
rPois   ∞          Reflect  +    y - +0 helmet "Unveiling Vision" {Comp, Bglg} (curse)
rElec   +          Rampage  .    E - +2 cloak of Ashenzari's Omen {rPois, Self, Elem} (curse)
rCorr   +          Clarity  +    n - +0 pair of gloves of the Shattered Pleiades {Self, Elem} (curse)
Will    ++...                    r - +2 pair of boots "Gaze Upon Infinity" {Elem, Cun} (curse)
Stlth   ++                       Q - amulet of Ashenzari's Doubts {Reflect Regen+ Dex+6 SH+5, Self, Bglg} (curse)
HPRegen 2.13/turn                G - ring "Riasofip" {Drain rElec rN+ rCorr MP+9}
MPRegen 0.40/turn                c - ring "Chained Vision" {EV+5, Cun, Bglg} (curse)

@: flying, hasted, studying 2 skills, very quick
A: sickness immunity, AC +20, big wings, negative energy resistance 1,
electricity resistance, torment resistance 1, petrification resistance, agile 1
0: Orb of Zot
}: 4/15 runes: serpentine, barnacled, silver, abyssal
a: Renounce Religion, Curse Item, Shatter the Chains


You escaped.
You worshipped Ashenzari.
Ashenzari was extremely pleased with you.
You visited 11 branches of the dungeon, and saw 51 of its levels.
You visited the Abyss 1 time.
You visited 3 bazaars.
You also visited: Bailey and Desolation.

You collected 7689 gold pieces.
You spent 3266 gold pieces at shops.

Inventory:

Hand Weapons
 g - the cursed +7 long sword of the Prophetic Sphere (weapon) {freeze, rPois MP+9, Bglg, Elem}
   (You found it on level 2 of the Snake Pit)

   rPois:     It protects you from poison.
   MP:        It affects your magic capacity (+9).
   It has a curse which improves the following skills: Beguiling: Conjurations,
   Hexes and Translocations.
   Elements:  Fire Magic, Ice Magic, Air Magic and Earth Magic.
Missiles
 j - 7 throwing nets
Armour
 n - the cursed +0 pair of gloves of the Shattered Pleiades (worn) {Self, Elem}
   (You found it on level 3 of the Dungeon)

   It has a curse which improves the following skills: Introspection: Fighting
   and Spellcasting.
   Elements:  Fire Magic, Ice Magic, Air Magic and Earth Magic.
 r - the cursed +2 pair of boots "Gaze Upon Infinity" (worn) {Elem, Cun}
   (You found it on level 3 of the Dungeon)

   It has a curse which improves the following skills: Elements: Fire Magic, Ice
   Magic, Air Magic and Earth Magic.
   Cunning:   Dodging and Stealth.
 y - the cursed +0 helmet "Unveiling Vision" (worn) {Comp, Bglg}
   (You found it on level 7 of the Dungeon)

   It has a curse which improves the following skills: Companions: Summonings
   and Necromancy.
   Beguiling: Conjurations, Hexes and Translocations.
 E - the cursed +2 cloak of Ashenzari's Omen (worn) {rPois, Self, Elem}
   (You took it off Maurice on level 8 of the Dungeon)

   It has a curse which improves the following skills: Introspection: Fighting
   and Spellcasting.
   Elements:  Fire Magic, Ice Magic, Air Magic and Earth Magic.
 I - the cursed +3 troll leather armour of the Bound Yoke (worn) {Regen+, Elem, Cun}
   (You found it on level 10 of the Dungeon)

   Regen:     It increases your rate of health regeneration.
   It has a curse which improves the following skills: Elements: Fire Magic, Ice
   Magic, Air Magic and Earth Magic.
   Cunning:   Dodging and Stealth.
Magical Staves
 w - the staff of earth "Daedovvui" {rC+ rCorr Int+3}
   (You bought it in a shop in a bazaar)

   [staff of earth]

   Base accuracy: +5 Base damage: 5 Base attack delay: 1.2 This weapon's minimum
   attack delay (0.6) is reached at skill level 12.
   Int:       It affects your intelligence (+3).
   rC:        It protects you from cold.
   rCorr:     It protects you from acid and corrosion.
   It falls into the 'Staves' category.
   It is a one-handed weapon.
Jewellery
 c - the cursed ring "Chained Vision" (right hand) {EV+5, Cun, Bglg}
   (You found it on level 4 of the Dungeon)

   [ring of evasion]

   EV:        It affects your evasion (+5).
   It has a curse which improves the following skills: Cunning: Dodging and
   Stealth.
   Beguiling: Conjurations, Hexes and Translocations.
 h - a ring of willpower
 k - a ring of magical power
 o - a ring of protection from fire
 q - a ring of protection from cold
 G - the ring "Riasofip" (left hand) {Drain rElec rN+ rCorr MP+9}
   (You took it off a servant of whispers in the Desolation of Salt)

   [ring of resist corrosion]

   rElec:     It insulates you from electricity.
   rN:        It protects you from negative energy.
   MP:        It affects your magic capacity (+9).
   rCorr:     It protects you from acid and corrosion.
   Drain:     It drains your maximum health when unequipped.
 Q - the cursed amulet of Ashenzari's Doubts (around neck) {Reflect Regen+ Dex+6 SH+5, Self, Bglg}
   (You bought it in a shop on level 7 of the Dungeon)

   [amulet of reflection]

   It reflects blocked missile attacks.
   Dex:       It affects your dexterity (+6).
   Regen:     It increases your rate of health regeneration.
   SH:        It affects your SH (+5).
   It has a curse which improves the following skills: Introspection: Fighting
   and Spellcasting.
   Beguiling: Conjurations, Hexes and Translocations.
Wands
 a - a wand of light (15)
 v - a wand of roots (29)
 D - a wand of flame (88)
 Y - a wand of digging (6)
Scrolls
 b - 25 scrolls of teleportation
 d - 9 scrolls of enchant weapon
 e - 7 scrolls of magic mapping
 f - 7 scrolls of blinking
 p - 4 scrolls of amnesia
 z - 5 scrolls of summoning
 F - 14 scrolls of poison
 H - 8 scrolls of fog
 K - 8 scrolls of enchant armour
 M - 3 scrolls of fear
 P - 4 scrolls of brand weapon
 Z - 4 scrolls of silence
Potions
 i - 6 potions of berserk rage
 m - 18 potions of curing
 s - a potion of ambrosia
 x - 6 potions of might
 B - 3 potions of invisibility
 L - 9 potions of heal wounds
 O - 2 potions of haste
 R - 7 potions of mutation
 T - 2 potions of cancellation
 V - 4 potions of brilliance
 W - 2 potions of resistance
Miscellaneous
 l - a condenser vane
 J - a phantom mirror


   Skills:
 * Level 26.1(27) Fighting
 - Level 3.0 Armour
 + Level 15.2(19.3) Dodging
 - Level 5.0(9.0) Stealth
 + Level 18.0(21.9) Spellcasting
 * Level 24.3(27) Conjurations
 - Level 0.7 Transmutations
 - Level 3.7(8.7) Ice Magic
 * Level 16.7(22.4) Air Magic
 + Level 25.8(27) Earth Magic


You had 13 spell levels left.
You knew the following spells:

 Your Spells              Type           Power      Damage    Failure   Level
a - Sandblast             Erth           100%       2d20      0%          1
b - Passwall              Tmut/Erth      67%        N/A       0%          2
c - Stone Arrow           Conj/Erth      100%       3d13      0%          3
d - Petrify               Tmut/Erth      81%        N/A       1%          4
e - Hailstorm             Conj/Ice       90%        3d18      0%          3
f - Lehudib's Crystal Sp  Conj/Erth      54%        10d13     1%          8
g - Chain Lightning       Conj/Air       52%        3d69      6%          9
h - Shatter               Erth           54%        3d41*     2%          9
i - Blink                 Tloc           66%        N/A       1%          2
j - Lee's Rapid Deconstr  Erth           54%        3d25*     0%          5
k - Leda's Liquefaction   Hex/Erth       40%        N/A       1%          4
l - Iron Shot             Conj/Erth      54%        9d10      0%          6

Your spell library contained the following spells:

 Spells                   Type           Power      Damage    Failure   Level
 Foxfire                  Conj/Fire      100%       2x1d9     0%          1
 Kiss of Death            Conj/Necr      100%       2d13      0%          1
 Shock                    Conj/Air       100%       1d9       0%          1
 Momentum Strike          Conj/Tloc      100%       3d10      0%          2
 Static Discharge         Conj/Air       100%       2-7/arc   0%          2
 Dazzling Flash           Conj/Hex       100%       N/A       0%          3
 Mephitic Cloud           Conj/Pois/Air  87%        N/A       0%          3
 Swiftness                Air            100%       N/A       0%          3
 Airstrike                Air            50%        2d(8-24)  0%          4
 Freezing Cloud           Conj/Ice/Air   47%        6-21      0%          5
 Iskenderun's Battlesphe  Conj           100%       2d15      0%          5
 Conjure Ball Lightning   Conj/Air       52%        3x3d18    0%          6
 Apportation              Tloc           66%        N/A       1%          1
 Freeze                   Ice            100%       1d10      1%          1
 Necrotise                Necr           100%       1d9       1%          1
 Ensorcelled Hibernation  Hex/Ice        100%       N/A       1%          2
 Lesser Beckoning         Tloc           66%        N/A       1%          2
 Scorch                   Fire           68%        2d8       1%          2
 Frozen Ramparts          Ice            100%       1d16      1%          3
 Ozocubu's Armour         Ice            67%        N/A       1%          3
 Animate Armour           Summ/Erth      100%       N/A       1%          4
 Flame Wave               Conj/Fire      81%        2d18      1%          4
 Sticky Flame             Conj/Fire      81%        2d9       1%          4
 Summon Lightning Spire   Summ/Air       74%        N/A       1%          4
 Borgnjor's Vile Clutch   Necr/Erth      40%        N/A       1%          5
 Fireball                 Conj/Fire      40%        3d16      1%          5
 Silence                  Hex/Air        37%        N/A       1%          5
 Starburst                Conj/Fire      40%        6d12      1%          6
 Orb of Destruction       Conj           54%        9d14      1%          7
 Maxwell's Capacitive Co  Air            50%        ∞         1%          8
 Confusing Touch          Hex            33%        N/A       3%          3
 Gell's Gravitas          Tloc           33%        N/A       3%          3
 Inner Flame              Hex/Fire       34%        N/A       3%          3
 Teleport Other           Tloc           33%        N/A       3%          3
 Summon Guardian Golem    Hex/Summ       32%        N/A       4%          3
 Vampiric Draining        Necr           31%        2d8       4%          3
 Spellforged Servitor     Conj/Summ      40%        N/A       4%          7
 Metabolic Englaciation   Hex/Ice        26%        N/A       6%          5
 Cause Fear               Hex            16%        N/A       12%         4
 Storm Form               Tmut/Air       37%        N/A       12%         7
 Animate Dead             Necr           31%        N/A       14%         4
 Dispel Undead            Necr           31%        3d14      14%         4
 Agony                    Necr           31%        N/A       36%         5
 Alistair's Intoxication  Tmut/Pois      20%        N/A       36%         5
 Summon Forest            Summ/Tloc      16%        N/A       36%         5
 Simulacrum               Ice/Necr       26%        N/A       36%         6
 Dispersal                Tloc           16%        N/A       88%         6
 Death Channel            Necr           15%        N/A       91%         6
 Eringya's Noxious Bog    Tmut/Pois      15%        N/A       91%         6
 Summon Cactus Giant      Summ           15%        N/A       91%         6
 Fire Storm               Conj/Fire      40%        8d10      99%         9
 Dragon Form              Tmut           16%        N/A       100%        7
 Haunt                    Necr/Summ      15%        N/A       100%        7
 Malign Gateway           Summ/Tloc      16%        N/A       100%        7
 Summon Hydra             Summ           15%        N/A       100%        7
 Borgnjor's Revivificati  Necr           15%        N/A       100%        8
 Discord                  Hex            16%        N/A       100%        8
 Infestation              Necr           15%        N/A       100%        8
 Necromutation            Tmut/Necr      16%        N/A       100%        8
 Summon Horrible Things   Summ           15%        N/A       100%        8
 Death's Door             Necr           15%        N/A       100%        9
 Dragon's Call            Summ           15%        N/A       100%        9
 Polar Vortex             Ice            33%        N/A       100%        9
 Cigotuvi's Dreadful Rot  Necr/Pois/Air  Unusable   N/A       N/A         2
 Statue Form              Tmut/Erth      Unusable   N/A       N/A         6

Dungeon Overview and Level Annotations

Branches:
Dungeon (15/15)            Temple (1/1) D:6            Lair (5/5) D:9
 Shoals (4/4) Lair:2        Snake (4/4) Lair:2        Slime (0/5) Lair:4
    Orc (2/2) D:10            Elf (3/3) Orc:2        Vaults (5/5) D:14
  Crypt (3/3) Vaults:3       Tomb (0/3) Crypt:3      Depths (4/4) D:15
    Zot (5/5) Depths:4     Bailey (visited)         Desolation (visited)

Altars:
Ashenzari
Cheibriados
Dithmenos
Elyvilon
Fedhas
Gozag
Hepliaklqana
Kikubaaqudgha
Makhleb
Nemelex Xobeh
Okawaru
Qazlal
Ru
Sif Muna
Trog
Uskayaw
Vehumet
Wu Jian
Xom
Yredelemnul
Zin
The Shining One
Jiyva

Shops:
D:6 [?((?   D:7 =   D:12 [[(   Orc:2 !*:[   Elf:2 [   Shoals:2 *   Shoals:3 *
Snake:2 *   Vaults:2 *   Depths:1 :=:

Portals:
Hell: Lair:5 Depths:1 Depths:2 Depths:3 Depths:4
Abyss: Lair:5 Depths:1 Depths:3 Depths:4
Pandemonium: Depths:2
Ziggurat: Depths:4
Bazaar: Depths:1

Annotations:
Lair:5 2 transporters, Uboida's ghost, journeyman DEEE
Zot:5 1 exclusion


Innate Abilities, Weirdness & Mutations

You are immune to sickness and miasma.
Your stone body is resilient. (AC +20)
You are immune to poison.
Your large and strong wings let you fly.
You resist negative energy. (rN+)
You are resistant to electric shocks. (rElec)
You are resistant to unholy torment.
You are immune to petrification.
You are agile. (Dex +4, Str/Int -1)


Message History

The bolt of lightning hits you.
Casting: Chain Lightning (dangerous; 6% risk of failure)
Confirm with . or Enter, or press ? or * to list all spells.
The dungeon rumbles!
Vaucuod is lightly wounded.
Ka-crash!
Casting: Shatter (dangerous; 2% risk of failure)
Confirm with . or Enter, or press ? or * to list all spells.
Lightning arcs from your hands!
The bolt of lightning hits Vaucuod!!!
Vaucuod resists.
Vaucuod is moderately wounded.
Casting: Chain Lightning (dangerous; 6% risk of failure)
Confirm with . or Enter, or press ? or * to list all spells.
Lightning arcs from your hands!
The bolt of lightning hits Vaucuod!!
Vaucuod resists.
Vaucuod is heavily wounded.
The bolt of lightning hits you. You resist. Vaucuod gestures at you.
The bolt of energy misses you.
Casting: Chain Lightning (dangerous; 6% risk of failure)
Confirm with . or Enter, or press ? or * to list all spells.
Aiming: Lehudib's Crystal Spear (mildly dangerous; 1% risk of failure)
Press: ? - help, Shift-Dir - straight line, f - Vaucuod
Aim: Vaucuod (heavily wounded, surrounded by flames, 96% to hit)
The crystal spear hits Vaucuod!!!
Vaucuod is severely wounded.
Casting: Lehudib's Crystal Spear (mildly dangerous; 1% risk of failure)
Confirm with . or Enter, or press ? or * to list all spells.
Aiming: Lehudib's Crystal Spear (mildly dangerous; 1% risk of failure)
Press: ? - help, Shift-Dir - straight line, f/p - Vaucuod
Aim: Vaucuod (severely wounded, surrounded by flames, 96% to hit)
The crystal spear hits Vaucuod!!!
You kill Vaucuod!
(D) Dungeon (T) Temple (L) Lair (A) Shoals (P) Snake Pit (M) Slime Pits (O) Orcish Mines (E) Elven Halls (V) Vaults (C) Crypt (W) Tomb (U) Depths (H) Hell (Z) Zot
Where to? (Enter - D:1 @ (x,y), ? - help)
There is a staircase leading out of the dungeon here.
You have escaped!

#..#....# #......#.
#.####.## #........
######## ######... #......#
#.## #.####.# ##* #.##
##.########.######...
#####..#@#####.#....#####
#......#..##.##...#.##
#.####.#.............# #.#
#.###...........# #.#
###[........#)..# ###.####
#>#.#.###..#..###
#..#...##############.#..#
#†###..##{.....##.#.....(##
#..#†#.##......#........#..


There were no monsters in sight!

Vanquished Creatures
  4 dread liches
  3 orbs of fire
  5 ancient liches
  Mara (Depths:1)
  Sojobo (Vaults:4)
  A juggernaut (Depths:4)
  Boris (Depths:4)
  5 Killer Klowns
  The ghost of Biw Sysiunt the Eclecticist, a veteran DrCj of Vehumet (Crypt:1)
  Frederick (Vaults:3)
  Margery (Depths:4)
  Vashnia (Snake:2)
  Bai Suzhen (Snake:4)
  A caustic shrike (Depths:3)
  Saint Roka (Depths:1)
  Vv (Depths:2)
  6 curse toes
  9 golden dragons
  Jory (Depths:4)
  A pandemonium lord (D:1)
  The ghost of Fubrub the Fetichist, a veteran GnWr of Ashenzari (Vaults:3)
  the Enchantress (Depths:4)
  4 electric golems
  26 tentacled monstrosities
  An Ice Fiend (D:9)
  27 Orb Guardians
  Mlioglotl (Snake:1)
  6 quicksilver dragons
  12 liches
  4 deep elf blademasters (Elf:3)
  Frances (D:13)
  4 titans
  12 ancient champions
  2 tentacled starspawn (Abyss:3)
  3 death cobs
  Kirke (D:13)
  6 sphinxes
  Polyphemus (Shoals:3)
  12 storm dragons
  6 shadow dragons
  Donald (Orc:2)
  2 daevas
  4 nagarajas
  Ilsuiw (Shoals:2)
  4 draconian monks
  10 tengu reavers
  4 revenants
  6 draconian knights
  8 frost giants
  9 deep elf sorcerers (Elf:3)
  5 draconian scorchers
  Louise (Depths:1)
  2 imperial myrmidons (Desolation)
  22 vault wardens
  6 fire giants
  An iron dragon (Depths:1)
  2 balrugs (Depths:2)
  4 draconian shifters
  3 draconian stormcallers
  9 ghouls
  An orc warlord (Vaults:2)
  2 ghost moths
  8 deep elf elementalists (Elf:3)
  4 spriggan defenders
  4 curse skulls
  2 reapers
  A juggernaut zombie (Crypt:1)
  3 draconian annihilators
  19 very ugly things
  5 ironbound thunderhulks
  12 ironbound preservers
  16 stone giants
  5 war gargoyles
  12 vampire knights
  Nessos (D:13)
  6 deep elf demonologists
  7 green draconians
  4 starflowers (Abyss:3)
  A lorocyproca (D:15)
  5 black draconians
  10 dire elephants
  8 white draconians
  3 halazid warlocks (Desolation)
  7 yellow draconians
  Azrael (Orc:2)
  11 deep elf annihilators
  5 spark wasps
  14 purple draconians
  7 red draconians
  5 ragged hierophants (Desolation)
  Josephine (Orc:2)
  5 eidola
  28 ettins
  3 crystal guardians
  8 fire dragons
  13 jiangshi
  12 merfolk impalers
  4 merfolk javelineers
  12 yaktaur captains
  12 great orbs of eyes
  36 vault guards
  An entropy weaver (Vaults:5)
  10 deep elf death magi
  2 spriggan zombies
  A fire dragon (shapeshifter) (Vaults:5)
  8 servants of whispers (Desolation)
  10 ice dragons
  8 deep elf high priests
  2 rakshasas
  7 spriggan air magi
  8 peacekeepers
  8 hydras
  A fenstrider witch zombie (Crypt:3)
  A hell beast (Depths:2)
  3 salamander tyrants
  7 boulder beetles
  3 spriggan skeletons (Crypt:2)
  A juggernaut simulacrum (Crypt:3)
  A catoblepas (Shoals:3)
  2 ogre magi
  6 ironbound frosthearts
  13 anacondas
  A two-headed ogre (shapeshifter) (Vaults:4)
  An alligator snapping turtle (Shoals:4)
  30 dancing weapons
  A merfolk avatar (Shoals:1)
  5 two-headed ogres
  A fenstrider witch skeleton (Crypt:2)
  9 centaur warriors
  2 death knights (Crypt:1)
  A thrashing horror (Abyss:3)
  5 merfolk aquamancers
  A satyr (Shoals:3)
  A hell hog (Depths:2)
  A tengu warrior (Depths:1)
  7 vampire magi
  2 death yaks (Shoals:3)
  4 orc high priests (Orc:2)
  6 shock serpents
  7 spriggan berserkers
  4 deep troll shamans (Depths:3)
  4 deep troll earth magi
  15 naga sharpshooters
  A titan zombie (Crypt:2)
  15 naga warriors
  10 deep elf knights
  5 spriggans
  A quicksilver ooze zombie (Crypt:2)
  8 soul eaters
  23 hell knights
  25 skeletal warriors
  7 sun demons
  A wretched star (Abyss:3)
  4 salamander mystics
  9 sea snakes
  3 skysharks
  Lodul (D:13)
  An obsidian statue (Snake:2)
  7 anaconda zombies (Snake:3)
  32 deep trolls
  7 flayed ghosts
  4 bog bodies
  4 cherubim (Depths:2)
  8 spectral anacondas (Snake:3)
  2 shadow demons
  A fenstrider witch simulacrum (Crypt:2)
  6 lindwurms
  A sea snake (shapeshifter) (Vaults:5)
  8 naga ritualists
  10 deep elf archers
  4 glowing orange brains
  30 ironbound convokers
  25 deep elf pyromancers
  10 phantasmal warriors
  2 anaconda skeletons (Snake:3)
  An iron giant skeleton (Crypt:3)
  24 ugly things
  12 wizards
  Pikel (D:4)
  35 deep elf zephyrmancers
  12 necromancers
  8 orc knights
  A wolf spider (D:15)
  29 harpies
  6 orc sorcerers
  7 starcursed masses (Abyss:3)
  9 mana vipers
  2 oklob plants (Abyss:3)
  A shining eye (Depths:4)
  A sphinx skeleton (Crypt:2)
  6 fauns
  26 moths of wrath
  14 salamanders
  An elephant (shapeshifter) (Vaults:5)
  17 manticores
  3 elephants (Lair:5)
  3 cyclopes (D:14)
  A dire elephant zombie (Crypt:2)
  2 rust devils
  Maurice (D:8)
  A water nymph (shapeshifter) (Vaults:5)
  16 vault sentinels
  4 smoke demons (Depths:2)
  10 water nymphs
  26 black mambas
  12 merfolk sirens
  A centaur zombie (Crypt:2)
  20 naga magi
  Joseph (D:9)
  11 guardian serpents
  4 orange demons
  3 centaur skeletons (D:14)
  A dire elephant skeleton (Crypt:2)
  A gargoyle (D:13)
  14 cane toads
  A large abomination (Abyss:3)
  47 yaktaurs
  A cane toad (shapeshifter) (D:15)
  2 hellions
  4 rime drakes (Lair:5)
  4 ice devils (Lair:5)
  An efreet (D:13)
  10 komodo dragons
  4 freezing wraiths
  A kobold demonologist (Orc:1)
  3 red devils
  5 anaconda simulacra (Snake:3)
  5 tengu conjurers
  A sea snake skeleton (Crypt:1)
  5 guardian mummies (Crypt:3)
  3 hellwings
  18 merfolk
  3 polar bears
  9 trolls
  A tyrant leech (shapeshifter) (Depths:1)
  3 hornets
  11 wind drakes
  48 saltlings (Desolation)
  2 raiju (Abyss:3)
  A mana viper skeleton (Crypt:2)
  A jumping spider zombie (Crypt:1)
  A harpy skeleton (Crypt:2)
  11 snapping turtles
  27 blink frogs
  A fire dragon skeleton (Crypt:1)
  An iron dragon simulacrum (Crypt:3)
  72 slime creatures
  2 vampires (Crypt:3)
  8 air elementals
  A shadow (D:12)
  A dire elephant simulacrum (Crypt:3)
  70 yaks
  5 wyverns
  19 water elementals
  7 wraiths
  2 basilisks
  9 fire elementals
  A ynoxinul (Depths:2)
  4 fire bats (Depths:4)
  A basilisk (shapeshifter) (Depths:1)
  Eustachio (D:5)
  2 neqoxecs (Depths:2)
  The ghost of Armakuni the Insei, an amateur HuMo (D:3)
  15 vampire mosquitoes
  A chaos spawn (Abyss:3)
  A steam dragon (D:7)
  44 nagas
  7 wargs
  9 hell hounds
  2 acid dragons
  A floating eye (shapeshifter) (Depths:1)
  15 water moccasins
  A floating eye (Depths:4)
  33 orc warriors
  A manticore zombie (Crypt:1)
  2 two-headed ogre skeletons
  4 black bears
  2 ice beasts (D:6)
  2 elephant zombies (Crypt:3)
  A fire dragon simulacrum (Crypt:2)
  A black mamba simulacrum (Crypt:2)
  18 ogres
  A blink frog zombie (Crypt:1)
  A torpor snail zombie (Crypt:3)
  8 boggarts (Vaults:2)
  9 wolves
  22 centaurs
  14 kobold brigands
  A vine stalker zombie (Crypt:2)
  16 bullfrogs
  3 gnoll sergeants
  A bullfrog (shapeshifter) (Depths:3)
  A rime drake skeleton (Crypt:1)
  2 earth elementals (Elf:2)
  6 scorpions
  A yaktaur skeleton (Crypt:3)
  4 necrophages
  3 wights (D:9)
  A raiju zombie (Crypt:3)
  A shapeshifter zombie (Crypt:1)
  2 warg zombies
  3 killer bees (D:9)
  A troll skeleton (Crypt:2)
  A howler monkey (D:5)
  3 jellies
  A gnoll bouda (D:7)
  20 orc priests
  4 hounds
  Ijyb (D:5)
  5 iguanas
  22 orc wizards
  5 sleepcaps
  A boggart skeleton (D:14)
  7 mummies (Crypt:3)
  16 gnolls
  8 adders
  2 shadow imps
  An ufetubus (D:4)
  5 worms
  4 dart slugs
  96 orcs
  An orc (shapeshifter) (Vaults:5)
  6 endoplasms
  4 giant cockroaches
  12 goblins
  10 hobgoblins
  2 jackals (D:3)
  7 quokkas
  5 ball pythons
  6 bats
  4 frilled lizards
  A frilled lizard skeleton (Crypt:2)
  A giant cockroach zombie (Crypt:2)
  26 kobolds
  8 rats
  A spectral hobgoblin (D:2)
  A lurking horror (Abyss:3)
  14 plants
2451 creatures vanquished.

Vanquished Creatures (collateral kills)
  An orb of fire (Zot:5)
  A Killer Klown (Zot:5)
  2 angels (Vaults:1)
  An ironbound thunderhulk (Vaults:1)
  A mana viper (Snake:1)
6 creatures vanquished.

Vanquished Creatures (others)
  An anaconda (Snake:4)
  A deep elf pyromancer (Elf:1)
  A deep elf zephyrmancer (Elf:3)
  A guardian serpent (Snake:4)
  A salamander (Snake:4)
  A saltling (Desolation)
  4 humans (D:13)
  A water elemental (Elf:2)
  2 orcs (Bailey)
  2 bushes (D:8)
  2 demonic plants (Abyss:3)
  54 fungi
  A pillar of salt (Desolation)
  143 plants
  4 starspawn tentacles (Abyss:3)
219 creatures vanquished.

Grand Total: 2676 creatures vanquished

Notes
Turn   | Place    | Note
-------+----------+-------------------------------------------
     0 | D:1      | dunno567 the Gargoyle Earth Elementalist began the quest
                  | for the Orb.
     0 | D:1      | Reached XP level 1. HP: 10/10 MP: 3/3
    82 | D:1      | Reached XP level 2. HP: 16/16 MP: 0/5
   189 | D:1      | Learned a level 2 spell: Passwall
   334 | D:1      | Reached skill level 1 in Fighting
   644 | D:1      | Reached XP level 3. HP: 20/20 MP: 4/6
  1216 | D:2      | Learned a level 3 spell: Stone Arrow
  1639 | D:2      | Found a faded altar of an unknown god.
  1799 | D:3      | Reached XP level 4. HP: 20/25 MP: 4/7
  1862 | D:3      | Reached skill level 1 in Armour
  1886 | D:3      | Found a large runed translucent door.
  1992 | D:3      | Found a large runed translucent door.
  2584 | D:3      | Reached skill level 2 in Fighting
  2758 | D:3      | Reached XP level 5. HP: 30/30 MP: 6/8
  2886 | D:3      | Noticed Armakuni's ghost (amateur HuMo)
  2896 | D:3      | Killed Armakuni's ghost
  2897 | D:3      | Reached skill level 1 in Conjurations
  2897 | D:3      | Reached XP level 6. HP: 22/36 MP: 7/10
  3086 | D:4      | Noticed a black bear
  3094 | D:3      | Killed a black bear
  3095 | D:3      | Reached skill level 5 in Earth Magic
  3170 | D:4      | Reached skill level 3 in Fighting
  3182 | D:4      | Reached XP level 7. HP: 37/41 MP: 2/12
  3317 | D:4      | Noticed Pikel
  3327 | D:4      | Killed Pikel
  3328 | D:4      | Reached skill level 4 in Fighting
  3328 | D:4      | Reached XP level 8. HP: 25/48 MP: 6/14
  3735 | D:4      | Found a shadowy altar of Dithmenos.
  3757 | D:4      | Found a stormy altar of Qazlal.
  3950 | D:5      | Entered Level 5 of the Dungeon
  4172 | D:5      | Noticed Ijyb
  4177 | D:5      | Killed Ijyb
  4181 | D:5      | Reached skill level 5 in Fighting
  4473 | D:5      | Reached XP level 9. HP: 54/54 MP: 12/16
  4475 | D:5      | Reached skill level 5 in Spellcasting
  4660 | D:5      | Noticed Eustachio
  4672 | D:5      | Killed Eustachio
  4831 | D:6      | Reached skill level 5 in Stealth
  4887 | D:6      | Found Inkor's Antique Armour Boutique.
  4912 | D:6      | Found Manocwank's Weapon Emporium.
  4978 | D:6      | Found Suleelie's Antique Weapon Emporium.
  4986 | D:6      | Bought a brightly glowing spear for 216 gold pieces
  4986 | D:6      | Identified the +7 spear of the Lost Scars {flame, Dex+2}
                  | (You bought it in a shop on level 6 of the Dungeon)
  5241 | D:6      | Found Pouti's Magic Scroll Emporium.
  5386 | D:7      | Reached skill level 6 in Fighting
  5401 | D:7      | Found Tuycs's Jewellery Shop.
  5472 | D:7      | Found a flagged portal.
  5482 | Bailey   | Entered a bailey
  6282 | Bailey   | Reached XP level 10. HP: 30/61 MP: 13/19
  6284 | Bailey   | Reached skill level 7 in Fighting
  7158 | D:7      | Reached skill level 5 in Conjurations
  7200 | D:7      | Got the Cyclopedia of Curses
  8119 | D:6      | Found a staircase to the Ecumenical Temple.
  8123 | Temple   | Entered the Ecumenical Temple
  8272 | Temple   | Became a worshipper of Ashenzari the Shackled
  8323 | D:6      | Bought a scroll of identify for 24 gold pieces
  8323 | D:6      | Bought a scroll of identify for 24 gold pieces
  8323 | D:6      | Bought a scroll of identify for 24 gold pieces
  8323 | D:6      | Bought a scroll of identify for 24 gold pieces
  8323 | D:6      | Bought a scroll of identify for 24 gold pieces
  8369 | D:6      | Reached skill level 8 in Fighting
  8740 | D:6      | Found Cepit's Magic Scroll Shop.
  8743 | D:6      | Bought a scroll of identify for 26 gold pieces
  8743 | D:6      | Bought a scroll of identify for 26 gold pieces
  8743 | D:6      | Bought 2 scrolls of identify for 52 gold pieces
  8743 | D:6      | Bought a scroll of identify for 26 gold pieces
  9044 | D:8      | Noticed Maurice
  9053 | D:8      | Killed Maurice
  9228 | D:8      | Identified the +12 long sword of Duylaj {heavy, rF+ rCorr
                  | Dex+5}
  9560 | D:8      | Reached skill level 10 in Earth Magic
  9932 | D:8      | Reached XP level 11. HP: 69/69 MP: 18/22
  9932 | D:8      | Reached * piety under Ashenzari
 10140 | D:9      | Reached skill level 5 in Dodging
 10234 | D:9      | Found a staircase to the Lair.
 10494 | D:9      | Reached skill level 9 in Fighting
 10634 | D:9      | Noticed Joseph
 10648 | D:9      | Killed Joseph
 10833 | D:9      | Noticed a two-headed ogre
 10837 | D:9      | Killed a two-headed ogre
 11126 | D:10     | Entered Level 10 of the Dungeon
 12082 | D:10     | Found a staircase to the Orcish Mines.
 12568 | D:10     | Reached skill level 10 in Fighting
 12740 | D:11     | Reached XP level 12. HP: 58/77 MP: 14/24
 13181 | D:11     | Noticed a boulder beetle
 13203 | D:11     | Killed a boulder beetle
 13896 | D:12     | Found Viozod's Antique Weapon Shoppe.
 13964 | D:12     | Reached ** piety under Ashenzari
 14027 | D:12     | Found Rore's Antique Armour Boutique.
 14237 | D:12     | Found Moewkudgh's Antique Armour Shoppe.
 14616 | D:12     | Reached skill level 11 in Fighting
 14877 | Lair:1   | Entered Level 1 of the Lair of Beasts
 15452 | Lair:1   | Reached XP level 13. HP: 87/87 MP: 17/28
 15454 | Lair:1   | Reached skill level 10 in Spellcasting
 16231 | Lair:2   | Found a staircase to the Shoals.
 16347 | Lair:2   | Found a staircase to the Snake Pit.
 16776 | Lair:2   | Reached skill level 12 in Fighting
 17248 | Lair:3   | Identified the +0 short sword of Neurosis {flame, Fragile
                  | rN+ SInv}
 18433 | Lair:4   | Reached *** piety under Ashenzari
 18715 | Lair:4   | Found a viscous altar of Jiyva.
 18715 | Lair:4   | Found a staircase to the Slime Pits.
 18841 | Lair:5   | Entered Level 5 of the Lair of Beasts
 18847 | Lair:5   | Gained mutation: Your large and strong wings let you fly.
                  | [Gargoyle growth]
 18847 | Lair:5   | Reached XP level 14. HP: 96/98 MP: 26/31
 19033 | Lair:5   | Reached skill level 13 in Fighting
 19235 | Lair:5   | Found a burning altar of Makhleb.
 19364 | Lair:5   | Reached skill level 10 in Conjurations
 19496 | Lair:5   | Found a gateway to Hell.
 19951 | D:7      | Bought the amulet "Plog" {Reflect Regen+ Dex+6 SH+5} for
                  | 694 gold pieces
 19956 | D:7      | Reached **** piety under Ashenzari
 19962 | D:7      | Learned a level 4 spell: Petrify
 19966 | D:7      | Learned a level 3 spell: Hailstorm
 20217 | Lair:5   | Reached skill level 15 in Earth Magic
 20484 | Lair:5   | Noticed Uboida's ghost (journeyman DEEE)
 20494 | Lair:5   | Found a one-way gate to the infinite horrors of the Abyss.
 20501 | Lair:5   | Found a transporter.
 20765 | Lair:5   | Found a transporter.
 21147 | D:13     | Identified the +7 broad axe of the Elven Halls {venom,
                  | Dex+4}
 21302 | D:13     | Noticed Frances
 21312 | D:13     | Killed Frances
 21448 | D:13     | Noticed Kirke
 21463 | D:13     | Killed Kirke
 21766 | D:13     | Noticed Lodul
 21777 | D:13     | Killed Lodul
 22125 | D:13     | Identified the +10 lajatang "Isiuger" {freeze, rPois Will+}
 22222 | D:13     | Reached skill level 14 in Fighting
 22254 | D:13     | Noticed Nessos
 22272 | D:13     | Killed Nessos
 22403 | D:13     | Learned a level 8 spell: Lehudib's Crystal Spear
 22498 | D:13     | Reached XP level 15. HP: 106/107 MP: 21/34
 22569 | D:13     | Identified a scroll of acquirement
 23129 | D:13     | Acquired the +1 kite shield of Courage {rF+ Regen+}
 23135 | D:13     | Acquired a staff of earth
 23143 | D:13     | Learned a level 4 spell: Animate Armour
 23356 | D:14     | Found a sparkling altar of Nemelex Xobeh.
 23524 | D:14     | Paralysed by an ogre mage for 4 turns
 23930 | D:14     | Found a gate to the Vaults.
 24038 | D:15     | Entered Level 15 of the Dungeon
 24569 | D:15     | Found a staircase to the Depths.
 25020 | Orc:1    | Entered Level 1 of the Orcish Mines
 25043 | Orc:1    | Learned a level 9 spell: Shatter
 26069 | Orc:2    | Entered Level 2 of the Orcish Mines
 26200 | Orc:2    | Noticed Azrael
 26574 | Orc:2    | Killed Azrael
 26581 | Orc:2    | Reached skill level 15 in Fighting
 26717 | Orc:2    | Paralysed by an orc sorcerer for 4 turns
 26779 | Orc:2    | Found a staircase to the Elven Halls.
 26803 | Orc:2    | Noticed Josephine
 26818 | Orc:2    | Killed Josephine
 27488 | Orc:2    | Noticed Donald
 27604 | Orc:2    | Killed Donald
 27703 | Orc:2    | Paralysed by an orc sorcerer for 2 turns
 27899 | Orc:2    | Found Xocen's Distillery.
 27899 | Orc:2    | Found Nedaq's General Store.
 27901 | Orc:2    | Found Dobo's Antique Armour Shoppe.
 27901 | Orc:2    | Found Ihizuig's Book Shop.
 27911 | Orc:2    | Reached XP level 16. HP: 116/116 MP: 4/35
 28051 | Orc:2    | Bought a heavily runed troll leather armour for 520 gold
                  | pieces
 28051 | Orc:2    | Identified the +4 troll leather armour of Privacy {rElec
                  | Regen+} (You bought it in a shop on level 2 of the Orcish
                  | Mines)
 28054 | Orc:2    | Bought a potion of heal wounds for 70 gold pieces
 28054 | Orc:2    | Bought a potion of heal wounds for 70 gold pieces
 28254 | Snake:1  | Entered Level 1 of the Snake Pit
 28676 | Snake:1  | Noticed Mlioglotl
 28683 | Snake:1  | Noticed an Executioner
 28685 | Snake:1  | Killed Mlioglotl
 28881 | Snake:1  | Identified the +6 quarterstaff of Ismy {freeze, rPois
                  | Dex+3}
 29795 | Snake:2  | Found a gateway to a bazaar.
 29802 | Bazaar   | Entered a bazaar
 29899 | Bazaar   | Found Ateju's Jewellery Boutique.
 29921 | Bazaar   | Found Qafagh's Book Emporium.
 29942 | Bazaar   | Found Fyddonk's Jewellery Boutique.
 29962 | Bazaar   | Found Kodedwu's Antique Armour Shoppe.
 30004 | Bazaar   | Bought a book of Spatial Translocations for 234 gold pieces
 30007 | Bazaar   | Learned a level 2 spell: Blink
 30042 | Snake:1  | Upgraded the game from 0.30-a0-924-g0ad0bf95bc to
                  | 0.30-a0-949-g53dc5368d7
 30092 | Snake:2  | Noticed Vashnia
 30246 | Snake:2  | Found Hiar Noc's Assorted Antiques.
 30569 | Snake:2  | Reached skill level 16 in Fighting
 30910 | Snake:2  | Noticed a nagaraja
 30985 | Snake:2  | Killed a nagaraja
 31787 | Snake:2  | Killed Vashnia
 31917 | Snake:2  | Identified the +7 long sword of the Unstoppable Beds
                  | {freeze, rPois MP+9}
 32515 | Snake:3  | Reached XP level 17. HP: 122/122 MP: 2/36
 32928 | Snake:2  | Reached ***** piety under Ashenzari
 33886 | Snake:3  | Reached skill level 1 in Ice Magic
 34060 | Snake:3  | Learned a level 5 spell: Lee's Rapid Deconstruction
 34065 | Snake:3  | Learned a level 4 spell: Leda's Liquefaction
 34440 | Snake:4  | Entered Level 4 of the Snake Pit
 34482 | Snake:4  | Noticed Bai Suzhen
 34512 | Snake:4  | Killed Bai Suzhen
 34793 | Snake:4  | Reached skill level 17 in Fighting
 34945 | Snake:4  | Reached XP level 18. HP: 132/132 MP: 37/39
 35281 | Snake:4  | Got a serpentine rune of Zot
 35900 | Shoals:1 | Entered Level 1 of the Shoals
 36837 | Shoals:1 | Identified the +0 chain mail of the Fiend {MP+9 Int+3
                  | Stlth+}
 37014 | Shoals:2 | Reached skill level 1 in Air Magic
 37640 | Shoals:2 | Noticed Ilsuiw
 38381 | Shoals:2 | Killed Ilsuiw
 38680 | Shoals:2 | Found Feham's General Store.
 38985 | Shoals:2 | Bought a scroll of teleportation for 57 gold pieces
 39307 | Shoals:3 | Reached skill level 10 in Dodging
 39574 | Shoals:3 | Noticed Polyphemus
 39718 | Shoals:3 | Killed Polyphemus
 40035 | Shoals:3 | Found Inoot's Assorted Antiques.
 40043 | Shoals:3 | Bought a scroll of teleportation for 117 gold pieces
 40641 | Shoals:4 | Entered Level 4 of the Shoals
 40641 | Shoals:4 | Found a stormy altar of Qazlal.
 42007 | Shoals:4 | Reached XP level 19. HP: 139/139 MP: 4/40
 42301 | Shoals:4 | Reached skill level 18 in Fighting
 43156 | Shoals:4 | Identified the +0 scale mail of the Untouchables {+Inv rN+
                  | rCorr Str-3}
 43156 | Shoals:4 | Identified the +0 troll leather armour of Brilliance {rElec
                  | rN+++ Regen+ Str-2 Int-2}
 43214 | Shoals:4 | Got a barnacled rune of Zot
 43821 | Elf:1    | Entered Level 1 of the Elven Halls
 43902 | Elf:1    | Reached skill level 5 in Air Magic
 43928 | Elf:1    | Paralysed by an air elemental for 1 turns
 44070 | Elf:1    | Paralysed by an air elemental for 1 turns
 44328 | Elf:1    | Reached skill level 15 in Conjurations
 45508 | Elf:1    | Identified the +4 dagger of Jobiekhaaf {venom, rElec MP+9
                  | Int-5 SInv}
 45621 | Elf:2    | Found Zumiloiw's Antique Armour Emporium.
 45996 | Elf:2    | Paralysed by an air elemental for 1 turns
 46377 | Elf:2    | Bought an opalescent robe for 171 gold pieces
 46377 | Elf:2    | Identified the +2 robe of Uhudwath {rC+ Int+3} (You bought
                  | it in a shop on level 2 of the Elven Halls)
 46901 | Elf:2    | Found a runed translucent door.
 46924 | Elf:2    | Found a runed translucent door.
 48231 | Elf:3    | Entered Level 3 of the Elven Halls
 48256 | Elf:3    | Reached XP level 20. HP: 147/147 MP: 31/41
 48722 | Abyss:3  | Found a corrupted altar of Lugonu.
 48722 | Abyss:3  | Cast into level 3 of the Abyss (a deep elf sorcerer)
 48732 | Abyss:3  | Found a corrupted altar of Lugonu.
 48811 | Abyss:3  | Found a corrupted altar of Lugonu.
 48814 | Abyss:3  | Reached skill level 19 in Fighting
 48817 | Abyss:3  | Found a corrupted altar of Lugonu.
 48819 | Abyss:3  | Found a corrupted altar of Lugonu.
 48822 | Abyss:3  | Got an abyssal rune of Zot
 48828 | Elf:3    | Escaped the Abyss
 50593 | Elf:3    | Learned a level 6 spell: Iron Shot
 51065 | Elf:3    | Found the +1 Delatra's gloves {ID++}
 51067 | Elf:3    | Identified the staff of cold "Moekhl Lizah" {rC+ Stlth+}
 51068 | Elf:3    | Identified the +8 morningstar of Oenomania {heavy, *Slow
                  | rPois rCorr}
 51515 | Vaults:1 | Entered Level 1 of the Vaults
 51538 | Vaults:1 | Found a flickering gateway to a bazaar.
 51548 | Bazaar   | Entered a bazaar
 51548 | Bazaar   | Found Pese's Magic Scroll Emporium.
 51670 | Bazaar   | Found Atoniuhi's Assorted Antiques.
 51698 | Bazaar   | Found Jigoisurch's Antique Armour Shoppe.
 51705 | Bazaar   | Found Wuympyg's Antique Weapon Shop.
 51752 | Bazaar   | Bought a scroll of teleportation for 36 gold pieces
 51752 | Bazaar   | Bought a scroll of summoning for 114 gold pieces
 51752 | Bazaar   | Bought a scroll of teleportation for 36 gold pieces
 51758 | Bazaar   | Bought a translucent staff for 336 gold pieces
 51758 | Bazaar   | Identified the staff of earth "Daedovvui" {rC+ rCorr Int+3}
                  | (You bought it in a shop in a bazaar)
 51869 | Vaults:1 | Found a glowing silver altar of Zin.
 51873 | Vaults:1 | Found a white marble altar of Elyvilon.
 51874 | Vaults:1 | Found a crumbling gateway.
 51886 | Vaults:1 | Found a glowing golden altar of the Shining One.
 51890 | Vaults:1 | Reached XP level 21. HP: 154/154 MP: 23/43
 51899 | Desolati | Entered the Desolation of Salt
 52058 | Desolati | Identified Sif Muna's Cyclopedia of Graupel and the Coals
 52058 | Desolati | Identified the ring of Entrepreneurial Spirit {Fire rPois
                  | Int+3 Dex+4}
 52459 | Desolati | Identified the ring "Riasofip" {Drain rElec rN+ rCorr MP+9}
 52598 | Desolati | Identified the staff of earth "Peiwnoath" {rElec rC+ rCorr
                  | Int-3}
 52598 | Desolati | Identified the ring "Seph" {Dex+2 SInv Stlth+}
 52682 | Desolati | Reached skill level 20 in Fighting
 52771 | Desolati | Identified the +3 ring mail of Asceticism {+Blink rF- Will+
                  | Dex+4 Stlth-}
 52781 | Desolati | Identified Sif Muna's Catalogue of the Xenolith and Blasts
 52783 | Desolati | Identified the Atlas of the Discharge
 53427 | Vaults:1 | Identified the +8 arbalest "Qubruom" {drain, Will+ Dex+3}
 53796 | Vaults:1 | Identified the +0 scale mail of Voracious Beauty {+Blink}
 53848 | Vaults:1 | Identified the +1 morningstar of Gloom {drain, Drain rElec
                  | rF- Int+3 Dex+6}
 55551 | Vaults:2 | Found San Danu's Assorted Antiques.
 55729 | Vaults:2 | Reached XP level 22. HP: 162/162 MP: 31/44
 57250 | Vaults:3 | Found a large runed translucent door.
 57250 | Vaults:3 | Found a large runed translucent door.
 57250 | Vaults:3 | Noticed Fubrub's ghost (veteran GnWr)
 57265 | Vaults:3 | Found a flickering gateway to a bazaar.
 57274 | Bazaar   | Entered a bazaar
 57295 | Bazaar   | Found Nemor's Jewellery Shoppe.
 57295 | Bazaar   | Found Fiplenae's Jewellery Emporium.
 57317 | Bazaar   | Found Jovvaycs's Weapon Shoppe.
 57317 | Bazaar   | Found Zila's Assorted Antiques.
 57322 | Bazaar   | Bought a transparent helmet for 237 gold pieces
 57322 | Bazaar   | Identified the +1 helmet of the Bulwark {Str+4 Int+2} (You
                  | bought it in a shop in a bazaar)
 57339 | Bazaar   | Found Mecatt's Magic Scroll Shoppe.
 57339 | Bazaar   | Found Caikkime's Distillery.
 57344 | Bazaar   | Bought a potion of heal wounds for 60 gold pieces
 57350 | Bazaar   | Bought a scroll of fear for 48 gold pieces
 57462 | Vaults:3 | Reached skill level 10 in Air Magic
 57526 | Vaults:3 | Found a staircase to the Crypt.
 58098 | Vaults:3 | Noticed Frederick
 58103 | Vaults:3 | Killed Frederick
 58714 | Vaults:3 | Reached skill level 15 in Spellcasting
 58973 | Vaults:3 | Reached skill level 21 in Fighting
 59283 | Vaults:3 | Killed Fubrub's ghost
 59547 | Vaults:4 | Paralysed by a sphinx for 3 turns
 59746 | Vaults:4 | Noticed Sojobo
 59758 | Vaults:4 | Paralysed by an air elemental for 1 turns
 59761 | Vaults:4 | Killed Sojobo
 60558 | Vaults:4 | Reached XP level 23. HP: 170/170 MP: 20/46
 61170 | Vaults:5 | Entered Level 5 of the Vaults
 61176 | Vaults:5 | Noticed a dread lich
 61263 | Vaults:5 | Noticed a golden dragon
 61266 | Vaults:5 | Killed a dread lich
 61270 | Vaults:5 | Killed a golden dragon
 61596 | Vaults:5 | Noticed a dread lich
 61753 | Vaults:5 | Paralysed by a dread lich for 3 turns
 61758 | Vaults:5 | Killed a dread lich
 62084 | Vaults:5 | Paralysed by a sphinx for 5 turns
 62619 | Vaults:5 | Reached skill level 22 in Fighting
 62757 | Vaults:5 | Identified the amulet of Giuvaffu {Acrobat *Slow Str+4
                  | Dex+3}
 63506 | Vaults:5 | Noticed an ancient lich
 63522 | Vaults:5 | Killed an ancient lich
 63529 | Vaults:5 | Identified the ring of Egalitarianism {rPois rN+ Dex+6}
 63706 | Vaults:4 | Reached XP level 24. HP: 165/178 MP: 11/46
 64280 | Vaults:5 | Identified the ring of Vaphuurch {AC+4 Str+3 Dex+4}
 64659 | Vaults:5 | Got a silver rune of Zot
 64925 | Vaults:5 | Identified the ring of the Four Queens {*Slow Fly Int+5}
 65028 | Vaults:5 | Identified the +3 leather armour of Ashenzari {Will+}
 65060 | Vaults:5 | Identified the Lessons on Tectonic Causimancy
 65062 | Vaults:5 | Identified the Precepts of the Nimbus
 65064 | Vaults:5 | Identified the +5 ring mail "Lualim" {rF+}
 65065 | Vaults:5 | Identified the staff of air "Kaoll" {rElec Int+5 Stlth+}
 65253 | Vaults:5 | Learned a level 9 spell: Chain Lightning
 65501 | Depths:1 | Entered Level 1 of the Depths
 65896 | Crypt:1  | Entered Level 1 of the Crypt
 66678 | Crypt:1  | Found a runed translucent gate.
 66678 | Crypt:1  | Found a runed translucent gate.
 66678 | Crypt:1  | Found a runed translucent gate.
 66682 | Crypt:1  | Noticed Biw Sysiunt's ghost (veteran DrCj)
 67229 | Crypt:1  | Killed Biw Sysiunt's ghost
 67623 | Crypt:1  | Gained mutation: Your mind is acute. (Int +4, Str/Dex -1)
                  | [mutagenic glow]
 69568 | Crypt:3  | Entered Level 3 of the Crypt
 71681 | Crypt:3  | Identified the +8 hand axe of Feaqyaph {drain, Str+3}
 71801 | Crypt:3  | Reached XP level 25. HP: 185/185 MP: 47/47
 71848 | Crypt:3  | Reached skill level 23 in Fighting
 72371 | Crypt:3  | Found a basalt altar of Yredelemnul.
 72375 | Crypt:3  | Found an ancient bone altar of Kikubaaqudgha.
 72377 | Crypt:3  | Identified the +2 hand axe "Beastslayer" {heavy, *Noise
                  | rElec Str+4}
 72378 | Crypt:3  | Identified the -1 hat of Dogma {rF+ Slay+3}
 72413 | Crypt:3  | Identified Viydoa's Catalogue of the Earth
 72587 | Crypt:3  | Found a staircase to the Tomb.
 73185 | Depths:1 | Found Gouc's Book Shop.
 73186 | Depths:1 | Found Dolaczau's Jewellery Emporium.
 73189 | Depths:1 | Found Kaoza Opt's Book Shop.
 73448 | Depths:1 | Noticed Louise
 73458 | Depths:1 | Killed Louise
 73547 | Depths:1 | Noticed Saint Roka
 73555 | Depths:1 | Killed Saint Roka
 73775 | Depths:1 | Found a shimmering blue altar of Sif Muna.
 74016 | Depths:1 | Gained mutation: You passively dampen the noise of your
                  | surroundings. [mutagenic glow]
 74273 | Depths:1 | Identified the +1 robe "Qithrutu" {+Blink Int+2 Dex+4}
 74387 | Depths:1 | Noticed Mara
 74395 | Depths:1 | Killed Mara
 74594 | Depths:1 | Paralysed by a sphinx for 2 turns
 74911 | Depths:1 | Identified the +0 scale mail "Xonung" {rN++ Int+2}
 75219 | Depths:1 | Found a gateway to a bazaar.
 75997 | Depths:2 | Found a basalt altar of Yredelemnul.
 77131 | Depths:2 | Identified the +1 leather armour of the Fortifying Gods
                  | {rN+}
 77325 | Depths:2 | Found a one-way gate leading to the halls of Pandemonium.
 78051 | Depths:2 | Found the +11 Singing Sword {sonic wave}
 78051 | Depths:2 | Noticed Vv
 78080 | Depths:2 | Killed Vv
 78151 | Depths:2 | Identified the +2 demon blade "Litu" {freeze, rC+ Str-3
                  | Int+2 Dex+2}
 79665 | Depths:3 | Reached XP level 26. HP: 178/193 MP: 39/47
 80018 | Depths:3 | Identified the ring "Gafeuxuc" {Fire rElec Str+3}
 80018 | Depths:3 | Identified the ring "Moimoigu" {rC+ Int+6}
 80063 | Depths:3 | Identified the amulet "Neokhux" {RegenMP Str+7}
 80066 | Depths:3 | Identified the ring "Zufreon" {rElec rCorr Int-4 SInv}
 80115 | Depths:3 | Reached skill level 24 in Fighting
 80359 | Depths:3 | Found an opulent altar of Gozag.
 80780 | Depths:4 | Entered Level 4 of the Depths
 80780 | Depths:4 | Identified the +1 great sword "Wilu" {pain, Dex+3}
 80782 | Depths:4 | Noticed Margery
 80783 | Depths:4 | Noticed Boris
 80785 | Depths:4 | Killed Margery
 80785 | Depths:4 | Killed Boris
 80943 | Depths:4 | Noticed Jory
 80949 | Depths:4 | Killed Jory
 81414 | Depths:4 | Noticed a juggernaut
 81530 | Depths:4 | Killed a juggernaut
 82389 | Depths:4 | Noticed the Enchantress
 82460 | Depths:4 | Killed the Enchantress
 83434 | Depths:4 | Found a one-way gateway to a ziggurat.
 83436 | Depths:4 | Gained mutation: You are occasionally teleported next to
                  | monsters. [a shining eye]
 83671 | Depths:4 | Found a gate to the Realm of Zot.
 83913 | Zot:1    | Entered Level 1 of the Realm of Zot
 84640 | Zot:1    | Reached skill level 15 in Air Magic
 85300 | Zot:2    | Reached XP level 27. HP: 173/199 MP: 40/48
 87527 | Zot:3    | Noticed an orb of fire
 87696 | Zot:3    | Gained mutation: Potions are less effective at restoring
                  | your health. [an orb of fire]
 87697 | Zot:3    | Killed an orb of fire
 87790 | Zot:3    | Reached skill level 25 in Fighting
 89334 | Zot:4    | Identified the cursed +2 cloak of Ashenzari's Omen {rPois,
                  | Self, Elem} (You took it off Maurice on level 8 of the
                  | Dungeon)
 89334 | Zot:4    | Identified the cursed +0 helmet "Unveiling Vision" {Comp,
                  | Bglg} (You found it on level 7 of the Dungeon)
 89334 | Zot:4    | Identified the cursed +0 pair of gloves of the Shattered
                  | Pleiades {Self, Elem} (You found it on level 3 of the
                  | Dungeon)
 89334 | Zot:4    | Identified the cursed +2 pair of boots "Gaze Upon Infinity"
                  | {Elem, Cun} (You found it on level 3 of the Dungeon)
 89334 | Zot:4    | Identified the cursed +3 troll leather armour of the Bound
                  | Yoke {Regen+, Elem, Cun} (You found it on level 10 of the
                  | Dungeon)
 89334 | Zot:4    | Identified the cursed ring "Chained Vision" {EV+5, Cun,
                  | Bglg} (You found it on level 4 of the Dungeon)
 89870 | Zot:4    | Identified the +0 cloak "Cuerch" {rC+}
 90015 | Zot:5    | Entered Level 5 of the Realm of Zot
 90180 | Zot:5    | Lost mutation: You are occasionally teleported next to
                  | monsters. [potion of mutation]
 90180 | Zot:5    | Lost mutation: You passively dampen the noise of your
                  | surroundings. [potion of mutation]
 90180 | Zot:5    | Lost mutation: Potions are less effective at restoring your
                  | health. [potion of mutation]
 90180 | Zot:5    | Gained mutation: You are partially covered in large bone
                  | plates. (SH +4) [potion of mutation]
 90180 | Zot:5    | Gained mutation: You are occasionally teleported next to
                  | monsters. [potion of mutation]
 90180 | Zot:5    | Gained mutation: Your body sometimes deteriorates upon
                  | taking damage. [potion of mutation]
 90181 | Zot:5    | Lost mutation: Your mind is acute. (Int +4, Str/Dex -1)
                  | [potion of mutation]
 90181 | Zot:5    | Lost mutation: You are partially covered in large bone
                  | plates. (SH +4) [potion of mutation]
 90181 | Zot:5    | Lost mutation: You are occasionally teleported next to
                  | monsters. [potion of mutation]
 90181 | Zot:5    | Gained mutation: Armour fits poorly on your strangely
                  | shaped body. [potion of mutation]
 90181 | Zot:5    | Gained mutation: You are dopey. (Int -2) [potion of
                  | mutation]
 90182 | Zot:5    | Lost mutation: Your body sometimes deteriorates upon taking
                  | damage. [potion of mutation]
 90182 | Zot:5    | Lost mutation: Armour fits poorly on your strangely shaped
                  | body. [potion of mutation]
 90182 | Zot:5    | Gained mutation: Your body sometimes deteriorates upon
                  | taking damage. [potion of mutation]
 90182 | Zot:5    | Gained mutation: Your flesh is cold resistant. (rC+)
                  | [potion of mutation]
 90183 | Zot:5    | Lost mutation: Your flesh is cold resistant. (rC+) [potion
                  | of mutation]
 90183 | Zot:5    | Lost mutation: Your body sometimes deteriorates upon taking
                  | damage. [potion of mutation]
 90183 | Zot:5    | Lost mutation: You are dopey. (Int -2) [potion of mutation]
 90183 | Zot:5    | Gained mutation: You are agile. (Dex +4, Str/Int -1)
                  | [potion of mutation]
 90378 | Zot:5    | Noticed a dread lich
 90510 | Zot:5    | Killed a dread lich
 91061 | Zot:5    | Noticed an ancient lich
 91064 | Zot:5    | Noticed a dread lich
 91065 | Zot:5    | Paralysed by a dread lich for 5 turns
 91068 | Zot:5    | Noticed an ancient lich
 91070 | Zot:5    | Killed an ancient lich
 91071 | Zot:5    | Killed a dread lich
 91072 | Zot:5    | Killed an ancient lich
 91168 | Zot:5    | Noticed an orb of fire
 91176 | Zot:5    | Killed an orb of fire
 91628 | Zot:5    | Noticed an ancient lich
 91634 | Zot:5    | Killed an ancient lich
 92037 | Zot:5    | Reached skill level 15 in Dodging
 92044 | Zot:5    | Noticed an orb of fire
 92208 | Zot:5    | Noticed an orb of fire
 92250 | Zot:5    | Killed an orb of fire
 92268 | Zot:5    | Noticed an ancient lich
 92436 | Zot:5    | Killed an ancient lich
 92439 | Zot:5    | Killed an orb of fire
 92750 | Zot:5    | Reached skill level 26 in Fighting
 93416 | Zot:5    | Got the Orb of Zot
 93543 | Depths:4 | Noticed a seraph
 94189 | D:1      | Noticed Vaucuod the pandemonium lord
 94197 | D:1      | Killed Vaucuod the pandemonium lord
 94214 | D:$      | Escaped with the Orb!

Illustrated notes

Levels and vault maps discovered:
D:1:      minmay_arrival_jagged, layout_loops_cross, minmay_distorted
D:2:      layout_rooms, dreamdust_ecumenical_altar_drowned_temple,
          dk_noncrumbling_2
D:3:      layout_loops_cross, ebering_ghost_disaster_area, minmay_goblin_outpost
D:4:      layout_rooms, grunt_temple_overflow_open, uniq_pikel
D:5:      layout_rooms, nrook_uturn, uniq_ijyb, uniq_eustachio
D:6:      layout_loops_corners, minmay_temple_entry_grid, serial_shops,
          nicolae_shop_trees, nicolae_shop_temple_entry_statues_fountains,
          kennysheep_mini, shop_statue, nicolae_shop_statue_plus,
          item_on_display_a
D:7:      layout_gridville, enter_bailey_2, serial_shops, nicolae_square_shop
D:8:      layout_basic, serial_corexii_hall, corexii_hall_statues_l,
          corexii_hall_statues_l, dreamdust_princess_corridor,
          minmay_misc_feat_cross, uniq_maurice
D:9:      layout_irregular_city, due_lair_maze_entry_diamond, uniq_joseph
D:10:     layout_basic, david_orc_4, minmay_misc_feat_alley
D:11:     layout_long_grid
D:12:     layout_roguey, serial_shops, nicolae_stop_n_shop_1, shop,
          nicolae_shop_overgrown_old_shop
D:13:     layout_roguey, minmay_mirror_moons_of_madness, uniq_kirke,
          uniq_frances, uniq_lodul, uniq_nessos
D:14:     layout_roguey, hangedman_vaults_entry_quadrant_bands,
          palyth_stone_intersect, nemelex_lonely_heart_becter
D:15:     hangedman_depths_entry_try_elsewhere_first, layout_layer_cave,
          minmay_misc_feat_enclosed
Temple:   nicolae_temple_bog_church
Lair:1:   layout_regular_city, grunt_megastairs_2
Lair:2:   layout_misc_corridors, elwin_shoals_entry_stream,
          guppyfry_snake_entry_garden
Lair:3:   layout_chaotic_city
Lair:4:   layout_loops_ring, dpeg_slime_entry_enclosed
Lair:5:   evil_forest, layout_cellular_growth, gammafunk_ghost_abyssal_escape,
          minivault_24
Shoals:1: layout_shoals
Shoals:2: layout_shoals, serial_shops, nicolae_take_the_stairs,
          nicolae_shoals_arrival_archipelago, uniq_ilsuiw
Shoals:3: layout_shoals, serial_shops, nicolae_shop_overgrown_old_shop,
          nicolae_shoals_gull_way, uniq_polyphemus
Shoals:4: shoals_end_hellmonk_storm_palace [storm_palace_center_square,
          storm_palace_corner_blocked, storm_palace_corner_altar,
          storm_palace_corner_pillars, storm_palace_corner_narrow]
Snake:1:  layout_misc_corridors, grunt_megastairs_4, uniq_mlioglotl
Snake:2:  layout_onion, serial_shops, statue_bzr, nicolae_stop_n_shop_1,
          uniq_vashnia
Snake:3:  layout_layer_cave, nicolae_snake_dead_anacondas
Snake:4:  grunt_snake_rune_serpentine_throne, layout_grid_maze, uniq_bai_suzhen
Orc:1:    layout_diamond_mine, special_room [special_room_kobold]
Orc:2:    grunt_orc_tribal_feast, layout_caves, uniq_azrael, uniq_donald,
          uniq_josephine
Elf:1:    elf_arrival_002, layout_loops_corners, hangedman_elf_represent,
          uniq_louise
Elf:2:    elven_hall_of_blades_hangedman_original
          [nicolae_blade_entry_splitting_headache], layout_rooms, serial_shops,
          shop, serial_co_window_serial, co_window_corner_a,
          co_window_of_opportunity_a, co_window_of_opportunity_a,
          co_window_paths_a, co_window_paths_b, co_window_paths_c,
          co_window_broadway_c, co_window_corner_b, co_window_of_opportunity_b,
          co_window_corner_b, co_window_of_opportunity_b, glass_columns_a
Elf:3:    minmay_elf_hall_four_x, layout_loops_cross
Vaults:1: portal_desolation_entry_holy_temple, hangedman_vaults_corner_blocks,
          ontoclasm_vaults_eye, hangedman_vaults_stitches,
          ontoclasm_vaults_ligature, ontoclasm_vaults_idyll,
          hangedman_vaults_nodes, v_misc_23, hangedman_vaults_trim,
          nicolae_vaults_yaktaur_gun_rack, nicolae_vaults_little_squares_6,
          hangedman_vaults_stretched_pinwheel, ontoclasm_vaults_pinch,
          vaults_dpeg_ring, vaults_room_semicircle, layout_vaults_maze_snakey,
          serial_shops, bzr_entry_gold
Vaults:2: ontoclasm_vaults_ring_square, v_misc_23, dpeg_vaults_monster_box,
          ontoclasm_vaults_fault, v_misc_27, v_alt_pattern_6, v_pattern_4,
          v_misc_14, ontoclasm_vaults_shuriken, v_misc_30,
          nicolae_vaults_little_squares_4, v_alt_pattern_6,
          layout_vaults_omnigrid, serial_shops, nicolae_shop_advertising_works
          [nicolae_subvault_shop_adworks]
Vaults:3: advil_vaults_ghost_guards, grunt_vaults_hallway_short,
          minmay_crypt_entry_simple_sparse, hangedman_vaults_maws,
          grunt_vaults_twisty, hangedman_vaults_stream,
          vaults_mumra_minichess_inversion, ontoclasm_vaults_gallery,
          hangedman_vaults_capsules, nicolae_vaults_network_periphery,
          ontoclasm_vaults_hangar, vaults_room_pool, layout_vaults_big_room,
          serial_shops, bzr_entry_lakeside, uniq_frederick
Vaults:4: nicolae_vaults_hallways_thing, nicolae_vaults_rhombus_5,
          v_alt_pattern_3, v_rooms_4, v_misc_12, nicolae_vaults_ninety_degrees,
          v_rooms_4, v_alt_pattern_1, nicolae_vaults_sealed_display, v_misc_13,
          nicolae_vaults_alarming, layout_vaults_omnicross, uniq_sojobo
Vaults:5: serial_shops
Crypt:1:  layout_gridlike, ebering_ghost_rock_garden
Crypt:2:  layout_rooms, grunt_ministairs_11
Crypt:3:  lightli_unholy_cathedral, layout_chaotic_city,
          nicolae_tomb_entry_grand_gallery, ebering_dispersal_statue_hall
Depths:1: minmay_split_circle, layout_cave_shapes,
          nicolae_abyss_entry_one_way_or_another, serial_shops, bzr_entry_water,
          led_sif_pool, hell_entry, minislime_mu, minmay_shop_grove, uniq_mara,
          uniq_saint_roka
Depths:2: dreamdust_under_siege, layout_gridlike, hellmouth_2, nicolae_wwwww,
          grunt_pan_entry_in_and_out, infiniplex_staircase_spiral, uniq_vv
Depths:3: minmay_the_grid_triangle_9x9_line_8_mashed
          [minmay_the_grid_triangle_9x9_sprig,
          minmay_the_grid_triangle_9x9_thin_v,
          minmay_the_grid_triangle_9x9_sparse_checkered,
          minmay_the_grid_triangle_9x9_checkered,
          minmay_the_grid_triangle_9x9_corrupted_corridor,
          minmay_the_grid_triangle_9x9_negative_grid,
          minmay_the_grid_triangle_9x9_skeleton,
          minmay_the_grid_triangle_9x9_prize_special], layout_gridlike,
          abyss_entry, hell_entry, grunt_gozag_breadcrumbs
Depths:4: grunt_crosshair, layout_cave_pools, enter_ziggurat_c,
          abyss_entry_small_statue_room, hell_entry, uniq_boris, uniq_margery,
          uniq_enchantress, uniq_jory
Zot:1:    layout_onion_interference
Zot:2:    layout_twisted_circle, st_stairs_6
Zot:3:    layout_basic
Zot:4:    layout_onion_interference
Zot:5:    layout_misc_corridors, hangedman_zot_decor_unnerving_road

Skill      XL: |  1  2  3  4  5  6  7  8  9 10 11 12 13 14 15 16 17 18 19 20 21 22 23 24 25 26 27 |
---------------+----------------------------------------------------------------------------------+-----
Fighting       | 1 2 3 4 5 6 8 10 11 12 14 15 16 17 18 19 20 21 22 23 24 26 | 26.1
Earth Magic    | 4 5 6 7 8 10 11 13 14 15 17 19 21 22 23 24 25 | 25.8
Dodging        | 2 3 4 5 6 7 8 9 10 11 12 13 14 15 | 15.2
Armour         | 1 2 3 |  3.0
Stealth        | 3 4 5 |  5.0
Spellcasting   | 3 4 6 7 8 9 10 11 12 13 14 15 16 17 18 | 18.0
Conjurations   | 1 2 3 4 5 6 8 9 11 12 13 14 15 16 17 18 19 20 21 22 24 | 24.3
Ice Magic      | 3 |  3.7
Air Magic      | 4 6 8 9 10 12 13 14 15 16 | 16.7
Transmutations | |  0.7

Action                     |  1- 3 |  4- 6 |  7- 9 | 10-12 | 13-15 | 16-18 | 19-21 | 22-24 | 25-27 || total
---------------------------+-------+-------+-------+-------+-------+-------+-------+-------+-------++-------
  Melee: Unarmed           |     3 |       |       |       |       |       |       |       |       ||     3
         Dagger            |       |    17 |     1 |       |       |       |       |       |       ||    18
         Spear             |       |       |    13 |    11 |    28 |       |       |       |       ||    52
         Punch             |       |       |       |       |     1 |     4 |    11 |    16 |    10 ||    42
         Staff             |       |       |       |       |    28 |       |       |       |       ||    28
         Lajatang          |       |       |       |       |     5 |       |       |       |       ||     5
         Long sword        |       |       |       |       |       |   172 |   527 |   444 |   487 ||  1630
  Throw: Dart              |       |       |       |       |     7 |       |       |       |       ||     7
   Cast: Sandblast         |    67 |    64 |   235 |   473 |   856 |   151 |     6 |       |     7 ||  1859
         Stone Arrow       |       |       |     4 |    63 |   132 |    19 |     3 |     1 |       ||   222
         Passwall          |       |       |     1 |       |       |       |       |       |       ||     1
         Hailstorm         |       |       |       |       |     3 |       |       |       |       ||     3
         Petrify           |       |       |       |       |     2 |     1 |       |       |       ||     3
         Lehudib's Crystal |       |       |       |       |    33 |    24 |    38 |    60 |   234 ||   389
         Shatter           |       |       |       |       |       |   211 |   255 |   355 |   270 ||  1091
         Animate Armour    |       |       |       |       |       |     1 |     3 |       |       ||     4
         Iron Shot         |       |       |       |       |       |       |     8 |     1 |    10 ||    19
         Lee's Rapid Decon |       |       |       |       |       |       |     3 |     1 |       ||     4
         Chain Lightning   |       |       |       |       |       |       |       |     8 |   121 ||   129
 Invoke: Curse Item        |       |       |       |     3 |     4 |     1 |       |       |       ||     8
  Evoke: Wand              |       |     5 |     6 |     3 |    12 |     6 |     1 |     2 |     2 ||    37
         Phantom mirror    |       |       |       |       |     3 |     3 |       |       |       ||     6
         Condenser vane    |       |       |       |       |       |       |     1 |       |     1 ||     2
    Use: Scroll            |       |     2 |     8 |     9 |    11 |     4 |     6 |     2 |    10 ||    52
         Potion            |       |       |       |     2 |     6 |     8 |     6 |     3 |    15 ||    40
   Stab: Sleeping          |       |       |     1 |       |       |       |     3 |     2 |     4 ||    10
         Petrified         |       |       |       |       |     3 |       |       |       |       ||     3
         Distracted        |       |       |       |       |     1 |       |     2 |     2 |     1 ||     6
 Armour: Robe              |     9 |    17 |    29 |    70 |       |       |       |       |       ||   125
         Troll leather arm |       |       |       |   111 |   404 |   279 |   380 |   410 |   391 ||  1975
  Dodge: Dodged            |    18 |    41 |   117 |   556 |  1162 |   695 |   843 |   988 |   960 ||  5380
  Block: Other             |       |       |       |       |   195 |   139 |   196 |   240 |   169 ||   939
         Reflection        |       |       |       |       |    14 |    31 |    11 |    10 |     2 ||    68
         Kite shield       |       |       |       |       |       |    72 |       |       |       ||    72

Table legend: (Time is in decaauts)
 A = Elapsed time spent in this place.
 B = Non-inter-level travel time spent in this place.
 C = Inter-level travel time spent in this place.
 D = Time resting spent in this place.
 E = Time spent auto-exploring this place.
 F = Levels seen in this place.
 G = Mean time per level.
                   A        B        C        D        E       F      G
               +--------+--------+--------+--------+--------+-----+--------+
         Total |  96103 |  90860 |   5243 |   3777 |  71770 |  57 | 1686.0 |
       Dungeon |  19106 |  17154 |   1952 |    231 |  13859 |  15 | 1273.7 |
        Temple |    170 |    155 |     15 |      0 |    127 |   1 |  170.0 |
          Lair |   6508 |   5990 |    518 |      0 |   4788 |   5 | 1301.6 |
        Shoals |   7785 |   7502 |    283 |    750 |   6089 |   4 | 1946.2 |
     Snake Pit |   7423 |   7017 |    406 |    274 |   5617 |   4 | 1855.8 |
  Orcish Mines |   3792 |   3619 |    173 |    113 |   2651 |   2 | 1896.0 |
   Elven Halls |   7070 |   6948 |    122 |    420 |   5273 |   3 | 2356.7 |
        Vaults |  12586 |  11817 |    769 |    337 |   9765 |   5 | 2517.2 |
         Crypt |   7244 |   7095 |    149 |    367 |   5523 |   3 | 2414.7 |
        Depths |  11384 |  10859 |    525 |    733 |   8681 |   4 | 2846.0 |
           Zot |   9397 |   9070 |    327 |    450 |   7306 |   5 | 1879.4 |
         Abyss |    109 |    109 |      0 |      0 |      0 |   1 |  109.0 |
        Bazaar |    578 |    578 |      0 |      0 |    439 |   3 |  192.7 |
        Bailey |   1711 |   1711 |      0 |    102 |    975 |   1 | 1711.0 |
    Desolation |   1235 |   1235 |      0 |      0 |    676 |   1 | 1235.0 |
               +--------+--------+--------+--------+--------+-----+--------+

Top non-repeatable levels by time:
Vaults:4: 4090 daAuts
Depths:3: 3861 daAuts
Depths:1: 3481 daAuts
 Snake:1: 3077 daAuts
   Elf:2: 2978 daAuts
 Crypt:1: 2824 daAuts
Depths:2: 2608 daAuts
Shoals:3: 2456 daAuts
 Crypt:2: 2375 daAuts
Vaults:2: 2337 daAuts
Vaults:1: 2251 daAuts
 Snake:3: 2242 daAuts
Vaults:3: 2240 daAuts
   Elf:1: 2240 daAuts
   Zot:4: 2090 daAuts
